 Dungeon Crawl Stone Soup version 0.27-a0-1193-g8631133539 (webtiles) character file.

Game seed: 5702191741236914869

14 bobarctor the Grave Robber (level 2, -17/19 HPs)
             Began as a Demonspawn Necromancer on May 26, 2021.
             Demolished by a polar bear (23 damage)
             ... created by the rage of Trog
             ... on level 1 of the Dungeon.
             The game lasted 00:04:25 (952 turns).

bobarctor the Grave Robber (Demonspawn Necromancer)  Turns: 952, Time: 00:04:26

Health: -17/19     AC:  4    Str:  7 (8)  XL:     2   Next: 27%
Magic:  5/5        EV: 12    Int: 16      God:
Gold:   32         SH:  5    Dex: 13      Spells: 3/5 levels left

rFire    . . .     SeeInvis .   (no weapon)
rCold    . . .     Faith    .   (no shield)
rNeg     . . .     Spirit   .   a - +0 robe
rPois    .         Reflect  +   (no helmet)
rElec    .         Harm     .   (no cloak)
rCorr    .         Rampage  .   (no gloves)
Will     .....                  (no boots)
Stlth    ++........             d - amulet of reflection
HPRegen  0.06/turn              (no ring)
MPRegen  0.09/turn              (no ring)

@: no status effects
A: slimy green scales 1
a: no special abilities


You were on level 1 of the Dungeon.
You visited 1 branch of the dungeon, and saw 1 of its levels.

You collected 32 gold pieces.

Inventory:

Missiles
 b - 18 bolts
 e - 20 stones (quivered)
 g - 16 arrows
Armour
 a - a +0 robe (worn)
Magical Staves
 c - a staff of conjuration
Jewellery
 d - an amulet of reflection (around neck)
Scrolls
 f - a scroll of teleportation {unknown}
Potions
 h - a potion of flight {unknown}


   Skills:
 + Level 1.8 Dodging
 + Level 1.9 Stealth
 - Level 2.2 Spellcasting
 - Level 4.8 Necromancy


You had 3 spell levels left.
You knew the following spells:

 Your Spells              Type           Power      Damage    Failure   Level
a - Pain                  Necr           68%        1d7       2%          1
b - Animate Skeleton      Necr           34%        N/A       2%          1

Your spell library contained the following spells:

 Spells                   Type           Power      Damage    Failure   Level
 Vampiric Draining        Necr           8%         2d7       9%          3
 Magic Dart               Conj           4%         1d3       21%         1
 Searing Ray              Conj           2%         3d3       30%         2
 Dazzling Flash           Conj/Hex       2%         N/A       52%         3
 Animate Dead             Necr           8%         N/A       28%         4
 Agony                    Necr           17%        N/A       61%         5
 Fulminant Prism          Conj/Hex       0%         3d6       90%         4
 Iskenderun's Mystic Bla  Conj/Tloc      1%         2d3       90%         4


Dungeon Overview and Level Annotations

Branches:
Dungeon (1/15)

Altars:
Trog


Innate Abilities, Weirdness & Mutations

You are partially covered in slimy green scales. (AC +2)


Message History

Aim: a bat (severely wounded, chance to affect: 87%)
The bat writhes in agony!
You kill the bat!
Casting: Pain (safe; 2% risk of failure)
Confirm with . or Enter, or press ? or * to list all spells.
You can't see any susceptible monsters within range! (Use Z to cast anyway.) Unknown command.
Unknown command.
You feel yourself speed up.
Casting: Pain (safe; 2% risk of failure)
Confirm with . or Enter, or press ? or * to list all spells.
Aiming: Pain (safe; 2% risk of failure)
Press: ? - help, Shift-Dir - straight line, f - rat
Aim: a rat (asleep, chance to affect: 87%)
The rat writhes in agony.
Casting: Pain (safe; 2% risk of failure)
Confirm with . or Enter, or press ? or * to list all spells.
Aiming: Pain (safe; 2% risk of failure)
Press: ? - help, Shift-Dir - straight line, f/p - rat
Aim: a rat (severely wounded, chance to affect: 87%)
The rat writhes in agony.
You kill the rat!
You start resting.
Magic restored.
You start resting.
Trog sends monsters to punish you. 2 polar bears and a black bear come into view.
You hear a shout!
The polar bear rages.
The polar bear rages. x2
You hear an angry growl.
The polar bear bites you but does no damage.
The polar bear claws you.
The polar bear claws you but does no damage.
The black bear rages.
The polar bear misses you. The polar bear claws you. x2
The polar bear rages.
The polar bear bites you!!
Ouch! That really hurt!
You die...

######.# #.#.## .. #####....#.#
#.#..# ###.. #......#.#.#
#.##.# ###.... #......#.#.#
#.##.###...#. #......'.#.#
#.##.....####. #......###.#
#.##...### #.
#...[.†###.#######.....## #..
#............##.hh..##..# ##...
####.######...@h##.####.##...##
#.# ##.#####.# #..#..##. #.#
#.......# ##....##. #.#
#.......# #...####
#.#######.......# #...#K#.
#.......#.......# #...###.
#######.#####.#.#####...#≈..
#.### #.#.....#...#≈§§ #...#
#.#####.#...#≈§§


You could see 2 polar bears and a black bear (berserk).

Vanquished Creatures
  2 ball pythons (D:1)
  2 endoplasms (D:1)
  2 giant cockroaches (D:1)
  A hobgoblin (D:1)
  A bat (D:1)
  4 frilled lizards (D:1)
  A kobold (D:1)
  A rat (D:1)
14 creatures vanquished.

Notes
Turn   | Place    | Note
-------+----------+-------------------------------------------
     0 | D:1      | bobarctor the Demonspawn Necromancer began the quest for
                  | the Orb.
     0 | D:1      | Reached XP level 1. HP: 13/13 MP: 3/3
   494 | D:1      | Gained mutation: You are partially covered in slimy green
                  | scales. (AC +2) [demonic ancestry]
   494 | D:1      | Reached XP level 2. HP: 17/19 MP: 1/5
   539 | D:1      | Learned a level 1 spell: Animate Skeleton
   547 | D:1      | Found a faded altar of an unknown god.
   615 | D:1      | Became a worshipper of Trog the Wrathful
   615 | D:1      | Reached * piety under Trog
   616 | D:1      | Fell from the grace of Trog
   940 | D:1      | Noticed a polar bear
   940 | D:1      | Noticed a black bear
   940 | D:1      | Noticed a polar bear
   952 | D:1      | Demolished by a polar bear

Illustrated notes

Levels and vault maps discovered:
D:1:      lordsloth_arrival_two_stooges, layout_basic,
          shapermc_ecumenical_altar_starsandcircs

Action                   || total
-------------------------++-------
 Cast: Pain              ||    22
Invok: Renounce Religion ||     1
Armor: Robe              ||     3
Dodge: Dodged            ||     3

Table legend: (Time is in decaauts)
 A = Elapsed time spent in this place.
 B = Non-inter-level travel time spent in this place.
 C = Inter-level travel time spent in this place.
 D = Time resting spent in this place.
 E = Time spent auto-exploring this place.
 F = Levels seen in this place.
 G = Mean time per level.
                   A        B        C        D        E       F      G
               +--------+--------+--------+--------+--------+-----+--------+
         Total |    959 |    959 |      0 |    564 |    266 |   1 |  959.0 |
       Dungeon |    959 |    959 |      0 |    564 |    266 |   1 |  959.0 |
               +--------+--------+--------+--------+--------+-----+--------+

Top non-repeatable levels by time:
     D:1: 959 daAuts
